 Dungeon Crawl Stone Soup version 0.18-a0-750-g37044d6 (webtiles) character file.

137 AlfredTheGreat the Skirmisher (level 5, -2/46 HPs)
             Began as a Draconian Berserker on Dec 12, 2015.
             Was a Believer of Trog.
             Killed from afar by an orc wizard (4 damage)
             ... with a magic dart
             ... on level 3 of the Dungeon.
             The game lasted 00:08:13 (1776 turns).

AlfredTheGreat the Skirmisher (Draconian Berserker) Turns: 1776, Time: 00:08:13

Health: -2/46      AC:  6    Str: 21    XL:     5   Next: 0%
Magic:  5/5        EV: 13    Int:  7    God:    Trog [**....]
Gold:   114        SH:  0    Dex: 10    Spells: 0 memorised, 4 levels left

rFire  . . .     SeeInvis .     a - +0 falchion
rCold  . . .     Rnd*Rage +     (armour unavailable)
rNeg   . . .     SustAt   .     (no shield)
rPois  .         Gourm    .     (helmet restricted)
rElec  .         Spirit   .     (no cloak)
rCorr  .         Dismiss  .     (no gloves)
rMut   .         Stasis   .     d - +0 pair of boots
MR     .....                    (no amulet)
Stlth  +.........               (no ring)
                                (no ring)

@: confused, not resistant to hostile enchantments, very unstealthy
A: unfitting armour, horns 1, stinger 1, berserk 1, cold-blooded, AC +5
a: Berserk, Trog's Hand, Burn Spellbooks, Renounce Religion


You were on level 3 of the Dungeon.
You worshipped Trog.
Trog was pleased with you.
You were not hungry.

You visited 1 branch of the dungeon, and saw 3 of its levels.

You collected 114 gold pieces.

Inventory:

Hand Weapons
 a - a +0 falchion (weapon)
Armour
 d - a +0 pair of boots (worn)
Scrolls
 f - 2 scrolls of teleportation
 g - a scroll of fog {unknown}
 i - a scroll of identify
Potions
 h - 3 potions of invisibility {unknown}
 j - a potion of might {unknown}
Comestibles
 k - 3 meat rations


   Skills:
 + Level 4.1 Fighting
 + Level 4.0 Long Blades
 + Level 3.9 Dodging
 + Level 0.4 Stealth


You had 4 spell levels left.
You didn't know any spells.

Dungeon Overview and Level Annotations

Branches:
Dungeon (3/15)

Altars:
Kikubaaqudgha
Ru


Innate Abilities, Weirdness & Mutations

Your plain brown scales are hard (AC +5).
Your body does not fit into most forms of armour.
You are cold-blooded and may be slowed by cold attacks.
You have a pair of small horns on your head.
Your tail ends in a poisonous barb.
You tend to lose your temper in combat.


Message History

You bump into the rock wall.
Something completely misses you.
You bump into the rock wall.
You feel less confused. Something barely misses you.
You closely miss something. Something hits you but does no damage.
You miss something. You headbutt something. Something hits you.
* * * LOW HITPOINT WARNING * * *
You closely miss something. You headbutt something. Something hits you.
* * * LOW HITPOINT WARNING * * *
You hit something but do no damage. You tail-slap something.
You hear some strange, mumbled words.
Something tries to affect you, but you resist.
You hit something but do no damage. Something hits you but does no damage.
You closely miss something.
Your tail-slap misses something.
You hear some strange, mumbled words.
You are confused.
You hear some strange, mumbled words.
A magic dart appears from out of thin air!
The magic dart hits you!
You die...

#....##..#.........#.#
#....##..#.###.###.#.#
###........#.....#.#.#
#..###...#.....#.#.#
#..###.#.........#.##
#...##.#.#...>.#...)†
#.#.##.#.#.....#..###
#.#)##.#.###.###..#
#.#.@#.#.........##
#.##{#.#####.##### ..
#...# #.# ## ##..# #.#
..# ..# .(. .## #.(. #
.... >..(#


There were no monsters in sight!

Vanquished Creatures
  The ghost of onono the Changer, an amateur FeTm (D:3)
  An ooze (D:1)
  2 giant geckos (D:2)
  5 orcs (D:3)
  2 ball pythons (D:2)
  5 giant cockroaches
  6 hobgoblins
  6 jackals
  11 kobolds
  2 quokkas
  7 bats
  A giant newt (D:1)
  7 goblins
  2 rats (D:1)
58 creatures vanquished.

Notes
Turn   | Place    | Note
--------------------------------------------------------------
     0 | D:1      | AlfredTheGreat the Draconian Berserker began the quest for the Orb.
     0 | D:1      | Reached XP level 1. HP: 19/19 MP: 1/1
   141 | D:1      | Reached XP level 2. HP: 26/26 MP: 2/2
   948 | D:2      | Reached XP level 3. HP: 28/31 MP: 3/3
   984 | D:2      | Reached ** piety under Trog
  1159 | D:2      | Found an ancient bone altar of Kikubaaqudgha.
  1284 | D:2      | Found a sacrificial altar of Ru.
  1587 | D:3      | Noticed onono's ghost (amateur FeTm)
  1609 | D:3      | Gained mutation: Your tail ends in a poisonous barb. [potion of mutation]
  1609 | D:3      | Gained mutation: You have a pair of small horns on your head. [potion of mutation]
  1609 | D:3      | Gained mutation: You tend to lose your temper in combat. [potion of mutation]
  1616 | D:3      | Killed onono's ghost
  1616 | D:3      | Reached skill level 4 in Fighting
  1616 | D:3      | Reached XP level 4. HP: 24/40 MP: 4/4
  1754 | D:3      | Reached XP level 5. HP: 31/46 MP: 5/5
  1772 | D:3      | HP: 2/46 [something (2)]
  1776 | D:3      | Killed from afar by an orc wizard

Vault maps used:
D:1:      sevenhm_arrival_forest_fort_small_4
D:2:      lemuel_crystal_altar, nicolae_ru_sacrificial_ziggurat
D:3:      overflow_temple_1_default, vehumet_altar_wand_db, xom_redecorated,
          nicolae_overflow_crystal_walls, minmay_misc_feat_roman,
          minmay_misc_feat_nine_boxes, st_stairs_3, uniq_robin

Action                   |  1- 3 |  4- 6 || total
-------------------------+-------+-------++-------
Melee: Falchion          |   141 |    30 ||   171
Throw: Tomahawk          |       |     4 ||     4
  Use: Scroll            |     3 |       ||     3
       Potion            |     3 |       ||     3
  Eat: Bread ration      |     1 |       ||     1
